 Dungeon Crawl Stone Soup version 0.31-a0-18-gea43df2a32 (webtiles) character file.

Game seed: 9021658197397696949

108 pk666 the Magician (level 4, 0/24 HPs)
             Began as a Deep Elf Hedge Wizard on May 12, 2023.
             Killed from afar by Natasha (2 damage)
             ... with a magic dart
             ... on level 1 of the Dungeon.
             The game lasted 00:10:21 (2347 turns).

pk666 the Magician (Deep Elf Hedge Wizard)          Turns: 2347, Time: 00:10:22

Health: 0/24       AC:  4    Str:  7    XL:     4   Next: 58%
Magic:  13/14      EV: 12    Int: 21    God:
Gold:   114        SH:  0    Dex: 14    Spells: 9/15 levels left

rFire   . . .        p - +1 dagger (venom)
rCold   . . .        (no shield)
rNeg    . . .        b - +0 robe
rPois   .            c - +0 hat
rElec   .            (no cloak)
rCorr   .            (no gloves)
SInv    .            e - +1 pair of boots
Will    .....        n - amulet of magic regeneration
Stlth   ++           (no ring)
HPRegen 0.24/turn    (no ring)
MPRegen 0.54/turn

%: no passive effects
@: no status effects
A: no striking features
a: no special abilities


You were on level 1 of the Dungeon.
You visited 1 branch of the dungeon, and saw 2 of its levels.

You collected 114 gold pieces.

Inventory:

Hand Weapons
 p - a +1 dagger of venom (weapon)
Missiles
 i - 10 javelins
Armour
 b - a +0 robe (worn)
 c - a +0 hat (worn)
 e - a +1 pair of boots (worn)
Jewellery
 n - an amulet of magic regeneration (around neck)
Scrolls
 a - a scroll of poison {unknown}
 f - 2 scrolls of noise {unknown}
 g - a scroll of identify {unknown}
 h - a scroll of teleportation {unknown}
 j - 2 scrolls of magic mapping {unknown}
 k - a scroll of enchant weapon {unknown}
Potions
 d - a potion of magic
 l - a potion of degeneration {unknown}
 m - a potion of resistance {unknown}
 o - a potion of attraction {unknown}


   Skills:
 - Level 2.4 Dodging
 - Level 2.4 Stealth
 + Level 6.0 Spellcasting
 + Level 2.3 Conjurations
 - Level 1.1 Summonings
 + Level 1.9 Translocations
 + Level 1.0 Air Magic
 + Level 1.2 Poison Magic


You had 9 spell levels left.
You knew the following spells:

 Your Spells              Type           Power      Damage    Failure   Level
a - Magic Dart            Conj           64%        1d6       3%          1
b - Blink                 Tloc           28%        N/A       7%          2
c - Mephitic Cloud        Conj/Pois/Air  12%        N/A       16%         3

Your spell library contained the following spells:

 Spells                   Type           Power      Damage    Failure   Level
 Slow                     Hex            24%        N/A       10%         1
 Call Imp                 Summ           20%        N/A       10%         2
 Cigotuvi's Dreadful Rot  Necr/Pois/Air  18%        N/A       11%         2
 Petrify                  Tmut/Erth      6%         N/A       67%         4
 Metabolic Englaciation   Hex/Ice        3%         N/A       95%         5
 Statue Form              Tmut/Erth      4%         N/A       100%        6


Dungeon Overview and Level Annotations

Branches:
Dungeon (2/15)

Altars:

Shops:
D:2 [

Annotations:
D:1 Natasha


Message History

Casting: Magic Dart (safe; 3% risk of failure)
Confirm with . or Enter, or press ? or * to list all spells.
Aiming: Magic Dart (safe; 3% risk of failure)
Press: ? - help, Shift-Dir - straight line, f - cerulean imp
Aim: a cerulean imp, wielding a +2 spear (summoned, 100% to hit)
The magic dart hits the cerulean imp.
The cerulean imp is lightly wounded.
Natasha mumbles some strange words.
There is an open door here.
The gnoll shouts!
Natasha drinks a potion.
Natasha seems to speed up.
The cerulean imp misses you.
You close the door.
The gnoll misses you.
The gnoll hits you from afar with a +0 spear.
Natasha growls.
The gnoll barely misses you. Natasha casts a spell at you.
The magic dart hits you.
The cerulean imp hits you from afar with a +2 spear.
Natasha wildly gestures.
You feel disoriented.
Natasha stares at you and mumbles some strange words.
The magic dart hits you!
* * * LOW HITPOINT WARNING * * *
There is a stone staircase leading up here.
Natasha misses you.
You climb upwards.
The cerulean imp disappears in a puff of smoke!
There is a stone staircase leading down here.
Casting: Magic Dart (safe; 3% risk of failure)
Confirm with . or Enter, or press ? or * to list all spells.
Aiming: Magic Dart (safe; 3% risk of failure)
Press: ? - help, Shift-Dir - straight line, f - Natasha
Aim: Natasha (fast, 100% to hit)
The magic dart hits Natasha.
Natasha is moderately wounded.
Natasha casts a spell at you. The magic dart hits you.
You die...

#.###....######.##
#.#..# #.#
##.#.##.)..)#
#....# #.#
###.##.##..#
##.#.# #.#
#....##.##
#.#.##### #.#
#..##...#
#.#...... #.#
#..##.#.#
#.####.## #.#
#.......# #.# #.#
#.# #.#####.# #.#
#.# #.# #....h@.#
#.# #.# ###.#
######..# #.# #.#
#...#
#####..#######.#
#.# #.###
#.............)#
#†# #.#
#.(........#####
#.# #.#
##########.# #.##
#)# #.# #... #.#
#.# #.## #(# #.#
#...


You could see Natasha (fast).

Vanquished Creatures
  Natasha (D:2)
  3 gnolls
  A dart slug (D:1)
  8 ball pythons
  6 endoplasms
  A giant cockroach (D:1)
  3 hobgoblins
  6 kobolds
  6 quokkas
  A bat (D:1)
  A frilled lizard (D:1)
  6 goblins
  5 rats
48 creatures vanquished.

Notes
Turn   | Place    | Note
-------+----------+-------------------------------------------
     0 | D:1      | pk666 the Deep Elf Hedge Wizard began the quest for the
                  | Orb.
     0 | D:1      | Reached XP level 1. HP: 10/10 MP: 7/7
   294 | D:1      | Reached skill level 5 in Spellcasting
   294 | D:1      | Reached XP level 2. HP: 15/15 MP: 6/10
   334 | D:1      | Learned a level 2 spell: Blink
   721 | D:1      | Reached XP level 3. HP: 19/19 MP: 10/12
   725 | D:1      | Learned a level 3 spell: Mephitic Cloud
  1742 | D:2      | Found Jiomiw's Armour Shoppe.
  1929 | D:2      | Reached XP level 4. HP: 9/24 MP: 5/13
  2126 | D:2      | Noticed Natasha
  2132 | D:2      | Killed Natasha
  2133 | D:2      | Reached skill level 6 in Spellcasting
  2133 | D:2      | Reached skill level 1 in Air Magic
  2133 | D:2      | Reached skill level 1 in Poison Magic
  2327 | D:2      | Noticed Natasha
  2344 | D:2      | HP: 1/24 [Natasha/magic dart (10)]
  2347 | D:1      | Killed from afar by Natasha

Illustrated notes

Levels and vault maps discovered:
D:1:      dpeg_arrival_radiant, layout_loops_ring, hangedman_decor_riveting,
          minmay_tetromino_o2
D:2:      layout_basic, serial_shops, nicolae_shop_tiny_glass, minmay_quantized,
          uniq_natasha

Skill      XL: |  1  2  3  4 |
---------------+-------------+-----
Spellcasting   | 5 6 |  6.0
Conjurations   | 2 |  2.3
Air Magic      | 1 |  1.0
Poison Magic   | 1 |  1.2
Dodging        | |  2.4
Stealth        | |  2.4
Summonings     | |  1.1
Translocations | |  1.9

Action                     |  1- 3 |  4- 6 || total
---------------------------+-------+-------++-------
  Melee: Dagger            |     9 |       ||     9
   Cast: Magic Dart        |   117 |    24 ||   141
 Armour: Robe              |    10 |       ||    10
  Dodge: Dodged            |    19 |     4 ||    23

Table legend: (Time is in decaauts)
 A = Elapsed time spent in this place.
 B = Non-inter-level travel time spent in this place.
 C = Inter-level travel time spent in this place.
 D = Time resting spent in this place.
 E = Time spent auto-exploring this place.
 F = Levels seen in this place.
 G = Mean time per level.
                   A        B        C        D        E       F      G
               +--------+--------+--------+--------+--------+-----+--------+
         Total |   2354 |   2296 |     58 |    251 |   1699 |   2 | 1177.0 |
       Dungeon |   2354 |   2296 |     58 |    251 |   1699 |   2 | 1177.0 |
               +--------+--------+--------+--------+--------+-----+--------+

Top non-repeatable levels by time:
     D:1: 1496 daAuts
     D:2: 858 daAuts
